 Dungeon Crawl Stone Soup version 0.28-a0-750-g7c675f85b1 (webtiles) character file.

Game seed: 9817851824943969896

3308 lawman0 the Carver (level 9, -10/80 HPs)
             Began as a Deep Dwarf Fighter on Oct 29, 2021.
             Killed from afar by Psyche (16 damage)
             ... with an iceblast
             ... on level 8 of the Dungeon.
             The game lasted 00:13:21 (6868 turns).

lawman0 the Carver (Deep Dwarf Fighter)             Turns: 6868, Time: 00:13:22

Health: -10/80     AC:  0    Str: 23    XL:     9   Next: 70%
Magic:  6/6        EV: 14    Int:  9    God:
Gold:   196        SH:  0    Dex: 12    Spells: 8/8 levels left

rFire   . . .      SeeInvis .   (weapon currently unavailable)
rCold   . . .      Faith    .   (shield currently unavailable)
rNeg    . . .      Spirit   .   (armour currently unavailable)
rPois   .          Reflect  .   (helmet currently unavailable)
rElec   .          Harm     .   (cloak currently unavailable)
rCorr   .          Rampage  .   (gloves currently unavailable)
Will    +....                   (boots currently unavailable)
Stlth   +.........              v - amulet of magic regeneration
HPRegen 0.00/turn               (ring currently unavailable)
MPRegen 0.35/turn               (ring currently unavailable)

@: pig-form, very quick
A: fast, no casting, damage resistance, heal wounds, small, sense surroundings
2, no regeneration
a: Heal Wounds


You were on level 8 of the Dungeon.
You were a filthy swine.
You visited 2 branches of the dungeon, and saw 9 of its levels.

You collected 411 gold pieces.
You spent 215 gold pieces at shops.

Inventory:

Hand Weapons
 a - a +5 scimitar of holy wrath (melded)
 b - a +0 hunting sling
 w - a +1 vorpal long sword
Missiles
 e - 6 javelins
 m - 57 poisoned darts (quivered)
 s - 213 stones
 y - 78 sling bullets
Armour
 c - a +1 buckler (melded)
 g - a +0 pair of gloves (melded)
 u - a +0 plate armour (melded)
 D - a +0 helmet (melded)
Jewellery
 v - an amulet of magic regeneration (around neck)
 z - a ring of see invisible (melded)
Wands
 x - a wand of acid (1)
Scrolls
 d - 3 scrolls of teleportation
 i - a scroll of blinking
 j - 2 scrolls of fear
 k - 2 scrolls of holy word
 q - 4 scrolls of enchant armour
 r - a scroll of silence
 C - a scroll of immolation
Potions
 f - a potion of berserk rage
 h - a potion of heal wounds
 l - a potion of ambrosia
 n - 2 potions of mutation {unknown}
 o - a potion of curing {unknown}
 p - a potion of brilliance
 t - 2 potions of haste {unknown}
 A - a potion of lignification {unknown}
 E - a potion of invisibility {unknown}
Miscellaneous
 B - a piece from Xom's chessboard (15/15)


   Skills:
 + Level 4.9 Fighting
 * Level 10.1 Long Blades
 + Level 4.9(5.0) Slings
 - Level 0.7(2.6) Throwing
 + Level 6.5 Armour
 + Level 2.4 Dodging
 + Level 0.4 Stealth
 + Level 5.2 Shields
 + Level 1.2 Evocations


You had 8 spell levels left.
You didn't know any spells.
Your spell library contained the following spells:

 Spells                   Type           Power      Damage    Failure   Level
 Beastly Appendage        Tmut           0%         N/A       38%         1
 Corpse Rot               Necr/Air       0%         N/A       52%         2
 Poisonous Vapours        Pois/Air       0%         N/A       52%         2
 Wereblood                Tmut           0%         N/A       52%         2
 Dazzling Flash           Conj/Hex       0%         N/A       77%         3
 Spider Form              Tmut/Pois      0%         N/A       77%         3
 Agony                    Necr           0%         N/A       100%        5
 Silence                  Hex/Air        0%         N/A       100%        5


Dungeon Overview and Level Annotations

Branches:
Dungeon (8/15)             Temple (1/1) D:7
   Lair: D:8-11

Altars:
Ashenzari
Cheibriados
Dithmenos
Elyvilon
Fedhas
Gozag
Kikubaaqudgha
Nemelex Xobeh
Okawaru
Sif Muna
Trog
Uskayaw
Xom
Yredelemnul
Zin
The Shining One

Shops:
D:2 ((*

Annotations:
D:8 Psyche


Innate Abilities, Weirdness & Mutations

You are a filthy swine.
You move quickly.
Your equipment is almost entirely melded.
You are incapable of wielding weapons or throwing items.
You cannot cast spells.
You are resistant to damage.
You can heal yourself by infusing magical energy.
You passively map the area around you.
You do not regenerate.


Message History

Psyche the Insane Magess comes into view.
She is wielding a +0 dagger of chaos and carrying a wand of iceblast (13).
Psyche shouts!
Psyche gestures wildly while chanting.
Psyche flickers and vanishes for a moment.
Psyche is nearby!
Your magical essence is drained by the effort!
You feel much better.
Psyche sings a strange song.
Psyche points at you and mumbles some strange words.
You turn into a filthy swine.
Your +5 scimitar of holy wrath melds into your body.
Your +0 helmet melds into your body.
Your +0 pair of gloves melds into your body.
Your +1 buckler melds into your body.
Your +0 plate armour melds into your body.
Your ring of see invisible melds into your body.
Your +5 scimitar of holy wrath stops glowing.
Unknown command.
You hear a zap.
An iceblast appears from out of thin air!
The mass of ice explodes!
Deactivating autopickup; reactivate with Ctrl-A.
The iceblast engulfs you!
You hear a zap.
An iceblast appears from out of thin air!
The mass of ice explodes!
The iceblast engulfs you!!
You hear a zap.
An iceblast appears from out of thin air!
The mass of ice explodes!
The iceblast engulfs you!!
* * * LOW HITPOINT WARNING * * *
You hear some strange, mumbled words.
A swirling arc of seething chaos appears!
An arc of chaos appears from out of thin air!
The arc of chaos hits you.
* * * LOW HITPOINT WARNING * * *
The arc of chaos grounds out.
You hear a zap.
An iceblast appears from out of thin air!
The mass of ice explodes!
The iceblast engulfs you!!
You die...

..####...#.##.###########.>).####
...........##.##.................
...##...##.##.##{# #########.####
........##.##.##.# #.#
..####...#.##.##.# #.# *
.........#.##.##.# #..,,
.######..#.##.##.# ### *
...........##.##.#
########....#.##h#
.).......##.#.##.#
##............##.#
##########......# #.####.# ###
###


There were no monsters in sight!

Vanquished Creatures
  A two-headed ogre (D:8)
  Pikel (D:8)
  2 orc warriors
  3 water moccasins
  2 sky beasts
  2 black bears (D:6)
  An ogre (D:4)
  A phantom (D:5)
  Blork the orc (D:4)
  3 scorpions
  A wyvern skeleton (D:7)
  2 vampire bats (D:4)
  A jelly (D:6)
  A centaur zombie (D:6)
  2 bullfrog zombies (D:6)
  2 centaur skeletons
  6 orc priests
  4 hounds
  A bullfrog skeleton (D:7)
  Natasha (D:2)
  An orc wizard (D:7)
  2 hound zombies (D:5)
  4 howler monkey zombies
  8 adders
  4 white imps
  2 ufetubi (D:6)
  A worm (D:5)
  A dart slug (D:3)
  9 orcs
  7 ball pythons
  6 bats
  2 bat skeletons (D:4)
  4 bat zombies (D:4)
  5 endoplasms
  9 goblins
  4 hobgoblins
  3 jackals (D:2)
  9 kobolds
  5 quokkas
  3 frilled lizards
  5 rats
132 creatures vanquished.

Vanquished Creatures (collateral kills)
  An orc (D:6)
1 creature vanquished.

Vanquished Creatures (others)
  2 orc wizards (D:4)
2 creatures vanquished.

Grand Total: 135 creatures vanquished

Notes
Turn   | Place    | Note
-------+----------+-------------------------------------------
     0 | D:1      | lawman0 the Deep Dwarf Fighter began the quest for the Orb.
     0 | D:1      | Reached XP level 1. HP: 20/20 MP: 1/1
   649 | D:1      | Reached XP level 2. HP: 27/27 MP: 2/2
   928 | D:2      | Found Bannausy's Antique Weapon Shop.
   946 | D:2      | Found a basalt altar of Yredelemnul.
  1035 | D:2      | Reached XP level 3. HP: 26/33 MP: 3/3
  1118 | D:2      | Noticed Natasha
  1122 | D:2      | Killed Natasha
  1123 | D:2      | Reached skill level 3 in Long Blades
  1152 | D:2      | Found Eckubaem's General Store.
  1160 | D:2      | Bought 7 poisoned darts for 33 gold pieces
  1193 | D:2      | Reached XP level 4. HP: 32/40 MP: 4/4
  1246 | D:2      | Found Gaadait's Weapon Emporium.
  1432 | D:2      | Found a faded altar of an unknown god.
  1950 | D:3      | Found a sparkling altar of Nemelex Xobeh.
  2323 | D:4      | Reached skill level 4 in Long Blades
  2424 | D:4      | Noticed an ogre
  2537 | D:4      | Reached XP level 5. HP: 37/49 MP: 5/5
  2539 | D:4      | Found a basalt altar of Yredelemnul.
  2592 | D:4      | Killed an ogre
  2593 | D:4      | Reached XP level 6. HP: 7/56 MP: 6/6
  2654 | D:4      | Reached skill level 5 in Long Blades
  2654 | D:4      | Reached skill level 1 in Dodging
  3201 | D:4      | Noticed Blork the orc
  3233 | D:4      | Killed Blork the orc
  3234 | D:4      | Reached skill level 1 in Slings
  3255 | D:4      | Reached XP level 7. HP: 26/62 MP: 7/7
  3255 | D:4      | Found an ancient bone altar of Kikubaaqudgha.
  3370 | D:5      | Entered Level 5 of the Dungeon
  3589 | D:5      | Reached skill level 6 in Long Blades
  4091 | D:5      | Reached skill level 5 in Armour
  4146 | D:5      | Found a snail-covered altar of Cheibriados.
  4748 | D:6      | Found a glowing silver altar of Zin.
  4800 | D:6      | Reached XP level 8. HP: 38/72 MP: 7/7
  4865 | D:6      | Reached skill level 7 in Long Blades
  4993 | D:6      | Reached skill level 8 in Long Blades
  5005 | D:6      | Identified the +0 ring mail of Amorality {Drain rF+ rN+
                  | Int+7}
  5033 | D:6      | Found a broken altar of Ashenzari.
  5653 | D:2      | Bought a glowing scimitar for 182 gold pieces
  5963 | D:7      | Found a staircase to the Ecumenical Temple.
  5977 | Temple   | Entered the Ecumenical Temple
  6049 | Temple   | >:(
  6343 | D:7      | Gained mutation: You passively map the area around you.
                  | [Deep Dwarf growth]
  6343 | D:7      | Reached XP level 9. HP: 58/79 MP: 8/8
  6569 | D:8      | Noticed a two-headed ogre
  6576 | D:8      | Killed a two-headed ogre
  6577 | D:8      | Reached skill level 9 in Long Blades
  6577 | D:8      | Reached skill level 5 in Shields
  6657 | D:8      | Reached skill level 1 in Evocations
  6659 | D:8      | Found a shimmering altar of Xom.
  6814 | D:8      | Noticed Pikel
  6828 | D:8      | Killed Pikel
  6829 | D:8      | Reached skill level 10 in Long Blades
  6859 | D:8      | Noticed Psyche
  6868 | D:8      | Killed from afar by Psyche

Illustrated notes

### # ###.## ## ##....##
##. ##......### ###..
##....._...## ##..._
#.._........### ###.....
##.............###.......
#...._..@.⌠.....#.....⌠..
#........................
########........<........
########...#######
##...## ##.....##
##...⌠...## ##.........##
##...........##


Turn 6049 on Temple: >:(

Levels and vault maps discovered:
D:1:      eino_arrival_water_cross, layout_basic
D:2:      kennysheep_big_flooded_room, layout_loops_ring, serial_shops, shop,
          shop, shop, basic_altar, chequers_ecumenical_altar_island,
          uniq_natasha
D:3:      layout_basic, lemuel_coloured_pillars_altar
D:4:      layout_basic, kennysheep_vampire_church, yredelemnul_altar_generic,
          uniq_blork_the_orc
D:5:      layout_layer_cave, slow_altar_1
D:6:      layout_basic, cheibrodos_ashenzari_chains, mainiacjoe_overflow_paths
D:7:      layout_basic, minmay_temple_entry_slanted
D:8:      layout_basic, nicolae_ru_the_path_less_chosen, amcnicky_altar_gilded,
          xom_butterflies, minmay_overflow_temple_star_quad,
          minmay_misc_feat_more_columns, roderic_serpentine_path, uniq_psyche,
          uniq_pikel
Temple:   dpeg_three_leaves_temple

Skill      XL: |  1  2  3  4  5  6  7  8  9 |
---------------+----------------------------+-----
Long Blades    | 3 4 5 6 8 10 | 10.1
Fighting       | 3 4 |  4.9
Armour         | 4 5 6 |  6.5
Dodging        | 1 2 |  2.4
Slings         | 1 3 4 |  4.9
Shields        | 4 5 |  5.2
Evocations     | 1 |  1.2
Throwing       | |  0.7
Stealth        | |  0.4

Action                   |  1- 3 |  4- 6 |  7- 9 || total
-------------------------+-------+-------+-------++-------
Melee: Long sword        |    80 |   180 |   190 ||   450
       Scimitar          |       |       |    62 ||    62
 Fire: Hunting sling     |       |    13 |    55 ||    68
Throw: Dart              |     1 |    17 |    13 ||    31
 Abil: Heal Wounds       |     1 |     4 |    10 ||    15
Evoke: Wand              |       |       |     4 ||     4
  Use: Scroll            |       |     5 |     7 ||    12
       Potion            |       |     1 |     2 ||     3
Armor: Scale mail        |    31 |   137 |    58 ||   226
       Plate armour      |       |       |    55 ||    55
Dodge: Dodged            |    47 |   121 |    94 ||   262
Block: Buckler           |    14 |    72 |    78 ||   164

Table legend: (Time is in decaauts)
 A = Elapsed time spent in this place.
 B = Non-inter-level travel time spent in this place.
 C = Inter-level travel time spent in this place.
 D = Time resting spent in this place.
 E = Time spent auto-exploring this place.
 F = Levels seen in this place.
 G = Mean time per level.
                   A        B        C        D        E       F      G
               +--------+--------+--------+--------+--------+-----+--------+
         Total |   6925 |   6341 |    584 |    100 |   4680 |   9 |  769.4 |
       Dungeon |   6844 |   6268 |    576 |    100 |   4622 |   8 |  855.5 |
        Temple |     80 |     72 |      8 |      0 |     58 |   1 |   80.0 |
               +--------+--------+--------+--------+--------+-----+--------+

Top non-repeatable levels by time:
     D:5: 1463 daAuts
     D:4: 1176 daAuts
     D:1: 935 daAuts
     D:6: 874 daAuts
     D:3: 757 daAuts
     D:2: 707 daAuts
     D:7: 618 daAuts
     D:8: 311 daAuts
  Temple: 80 daAuts
